Map: Blueshift LE

Players

vippe

  • Race: Zerg Zerg
  • League: Master
  • Spawn Location: 7:00

Darkest - Winner!

  • Race: Protoss Protoss
  • League: Master
  • Spawn Location: 1:00

VOD

Have the link to the VOD?

Description

Time

  • Played on: Aug. 20, 2018, 10:54 a.m.
  • Length: 20:36
Show
View Real Time Build Order
Export as new Build Order

vippe Zerg 

Build Orders: Hatch First 

Get SALT Encoding   

  12  0:00  Drone  
  13  0:15  Overlord  
  13  0:17  Drone  
  14  0:33  Drone x2  
  16  0:38  Drone  
  17  0:53  Hatchery  
  17  0:56  Drone  
  17  0:59  Drone  
  18  1:09  Extractor  
  17  1:14  Spawning Pool  
  17  1:17  Drone  
  17  1:20  Drone  
  18  1:30  Drone  
  19  1:41  Overlord  
  19  2:01  Queen  
  19  2:02  Zergling x2  
  19  2:03  Zergling x2  
  19  2:04  Queen  
  19  2:05  Drone  
  26  2:14  Drone, Metabolic Boost  
  27  2:18  Drone  
  28  2:24  Drone  
  28  2:26  Drone  
  30  2:39  Queen  
  32  2:46  Drone x2  
  34  2:52  Hatchery  
  34  2:54  Drone  
  34  2:57  Drone  
  35  2:58  Drone  
  36  3:10  Overlord  
  36  3:14  Overlord  
  36  3:18  Extractor, Queen  
  36  3:19  Extractor  
  38  3:28  Drone  
  38  3:29  Drone x5  
  38  3:32  Drone  
  45  3:36  Spore Crawler  
  45  3:38  Drone, Spore Crawler  
  45  3:40  Drone  
  45  3:46  Drone, Overlord  
  46  3:49  Drone  
  47  4:01  Lair  
  47  4:03  Overlord  
  47  4:04  Overlord  
  47  4:05  Drone x3  
  47  4:08  Extractor  
  47  4:09  Extractor  
  48  4:11  Spore Crawler  
  48  4:16  Roach Warren, Drone  
  47  4:22  Drone x3  
  50  4:29  Drone x2  
  50  4:30  Drone  
  52  4:40  Drone x2  
  52  4:42  Drone  
  52  4:45  Drone x5  
  60  4:53  Overlord  
  60  4:56  Drone  
  60  4:58  Glial Reconstitution  
  61  5:00  Roach  
  61  5:01  Roach, Evolution Chamber  
  61  5:03  Roach  
  61  5:05  Roach  
  68  5:07  Roach  
  68  5:10  Roach  
  68  5:12  Drone x2  
  75  5:14  Drone  
  75  5:19  Drone  
  75  5:20  Drone x3  
  79  5:24  Drone  
  79  5:25  Drone x2  
  80  5:45  Zergling x8  
  80  5:49  Drone  
  81  6:02  Drone x4  
  76  6:16  Hydralisk Den, Drone  
  76  6:17  Extractor, Drone x3  
  76  6:18  Drone x2  
  79  6:20  Drone x2  
  79  6:23  Hatchery  
  79  6:24  Overlord  
  80  6:34  Zerg Melee Weapons Level 1  
  80  6:40  Overlord  
  80  6:46  Extractor, Drone x3  
  82  6:47  Drone x3  
  82  6:48  Extractor  
  82  6:52  Grooved Spines, Hydralisk x2  
  82  6:53  Overlord  
  88  6:56  Overlord x2  
  88  7:01  Overlord  
  87  7:09  Overlord  
  87  7:11  Drone x3, Hydralisk x4  
  97  7:20  Hydralisk x7  
  111  7:26  Hydralisk x4  
  111  7:28  Hydralisk  
  121  7:36  Hydralisk  
  121  7:37  Hydralisk  
  121  7:43  Hydralisk  
  127  7:46  Hydralisk  
  127  7:50  Overlord  
  129  7:54  Baneling Nest  
  129  7:56  Overlord  
  128  8:00  Overlord  
  128  8:01  Roach  
  128  8:03  Hatchery  
  128  8:04  Muscular Augments, Roach  
  128  8:05  Roach  
  133  8:09  Roach  
  133  8:10  Roach x2  
  133  8:12  Roach  
  141  8:18  Roach x4  
  149  8:23  Hydralisk x2  
  149  8:25  Overlord  
  153  8:28  Hydralisk  
  153  8:31  Overlord  
  155  8:34  Zerg Missile Weapons Level 1  
  155  8:36  Zergling x8  
  155  8:40  Centrifical Hooks  
  159  8:43  Zergling x4  
  159  8:48  Zergling x8  
  165  8:52  Zergling x2  
  165  8:53  Zergling x6  
  169  9:01  Zergling x2  
  169  9:02  Zergling x6  
  155  9:04  Zergling x12  
  155  9:08  Hydralisk x2  
  152  9:13  Hydralisk x2  
  140  9:20  Hydralisk  
  140  9:21  Hydralisk x2  
  134  9:26  Hydralisk  
  134  9:27  Hydralisk x2  
  140  9:32  Hydralisk  
  140  9:35  Evolution Chamber  
  140  9:36  Hydralisk x2  
  145  9:39  Hydralisk  
  145  9:42  Hydralisk  
  149  9:45  Hydralisk  
  149  9:46  Hydralisk  
  149  9:50  Hydralisk  
  155  9:53  Hydralisk x2  
  155  9:58  Hydralisk  
  155  9:59  Hydralisk  
  159  10:00  Hydralisk  
  159  10:05  Hydralisk x2  
  164  10:09  Baneling x3  
  164  10:10  Baneling  
  164  10:11  Baneling  
  158  10:27  Hydralisk x4  
  140  10:29  Zergling x20  
  140  10:32  Hydralisk  
  149  10:51  Zergling x28  
  149  10:52  Zergling x2  
  159  11:07  Zerg Melee Weapons Level 2  
  159  11:08  Zerg Missile Weapons Level 2  
  159  11:09  Infestation Pit  
  159  11:11  Baneling x7  
  158  11:12  Baneling  
  158  11:13  Baneling  
  158  11:25  Zergling x28  
  162  11:26  Zergling x2  
  162  11:37  Zergling x16  
  162  11:38  Zergling x2  
  159  11:50  Baneling x6  
  159  11:51  Baneling x3  
  159  11:52  Baneling  
  159  11:53  Baneling  
  159  11:54  Baneling x2  
  159  11:56  Baneling x3  
  159  11:57  Baneling, Hatchery  
  159  11:58  Baneling  
  158  12:02  Hydralisk x2  
  158  12:09  Hydralisk  
  158  12:11  Baneling  
  158  12:12  Baneling x6  
  158  12:13  Hydralisk  
  162  12:19  Hydralisk  
  164  12:23  Drone  
  164  12:24  Drone x6  
  164  12:25  Drone  
  164  12:27  Extractor  
  164  12:28  Extractor, Hydralisk  
  172  12:32  Hydralisk  
  172  12:34  Hydralisk  
  134  12:45  Hydralisk x4  
  134  12:47  Hydralisk  
  134  12:49  Hydralisk  
  122  12:52  Hydralisk  
  122  12:57  Hydralisk  
  118  13:00  Zergling x8  
  118  13:03  Zergling x2  
  118  13:04  Zergling x4  
  125  13:07  Zergling x2  
  125  13:08  Zergling x4  
  125  13:11  Zergling x6  
  127  13:18  Zergling x10  
  132  13:23  Hive  
  132  13:26  Baneling x6  
  132  13:29  Hydralisk  
  132  13:31  Hydralisk  
  134  13:34  Hydralisk  
  134  13:35  Hydralisk  
  134  13:38  Hydralisk  
  134  13:41  Overlord  
  139  13:43  Drone x2  
  139  13:45  Baneling x3  
  140  13:49  Hydralisk  
  140  14:02  Hydralisk x3  
  136  14:03  Hydralisk  
  140  14:13  Hydralisk x2  
  140  14:14  Hydralisk  
  140  14:17  Zergling x26  
  153  14:30  Zergling x14  
  153  14:31  Zergling x4  
  160  14:33  Baneling  
  160  14:34  Baneling x9  
  159  14:38  Hydralisk  
  159  14:43  Hydralisk  
  163  14:52  Zergling x2, Hatchery  
  163  14:53  Zergling x12  
  163  14:55  Baneling x3  
  168  15:02  Adrenal Glands  
  168  15:09  Zergling x10  
  168  15:13  Baneling x5  
  171  15:30  Zergling x24  
  180  15:39  Baneling x12  
  180  15:41  Zergling x2  
  172  15:47  Zergling x8  
  142  15:50  Hydralisk  
  142  15:56  Hydralisk  
  112  16:00  Hydralisk  
  91  16:09  Hydralisk  
  60  16:13  Zergling x4  
  60  16:15  Zergling x2  
  63  16:18  Zergling x2  
  64  16:25  Hydralisk  
  64  16:27  Zergling x2  
  64  16:29  Zergling x2  
  68  16:42  Hydralisk x2  
  68  16:46  Baneling  
  71  17:01  Hydralisk x2  
  64  17:03  Hydralisk  
  70  17:09  Hydralisk  
  72  17:18  Hydralisk  
  72  17:21  Hydralisk  
  76  17:27  Hydralisk  
  77  17:36  Hydralisk  
  76  17:39  Hydralisk  
  80  17:52  Hydralisk  
  80  17:54  Hydralisk  
  75  18:02  Hydralisk  
  74  18:06  Hydralisk  
  72  18:15  Hydralisk  
  62  18:22  Hydralisk  
  63  18:28  Hydralisk  
  59  18:34  Hydralisk  
  59  18:39  Hydralisk  
  38  18:50  Hydralisk  
  35  19:05  Hydralisk  
Show
View Real Time Build Order
Export as new Build Order

Darkest Protoss - Winner!

Build Orders: 1 Gate Expand, Oracle Opening, Phoenix Opening 

Get SALT Encoding   

  12  0:01  Probe  
  13  0:13  Probe  
  14  0:20  Pylon  
  14  0:25  Probe  
  15  0:34  Probe  
  15  0:41  Gateway  
  15  0:42  Probe  
  16  0:48  Assimilator  
  17  0:53  Probe  
  18  1:05  Probe  
  19  1:17  Probe  
  20  1:25  Nexus  
  20  1:36  Cybernetics Core  
  20  1:39  Probe  
  21  1:45  Assimilator  
  21  1:51  Probe  
  22  1:55  Pylon  
  22  2:03  Probe  
  23  2:08  Adept  
  23  2:14  Stargate  
  23  2:15  Probe  
  23  2:16  Warp Gate  
  26  2:27  Probe  
  27  2:33  Probe  
  27  2:36  Adept  
  29  2:40  Probe  
  29  2:41  Probe  
  31  2:49  Phoenix  
  32  2:51  Probe  
  32  2:52  Probe  
  36  3:03  Probe, Adept  
  39  3:10  Pylon  
  39  3:11  Probe  
  40  3:19  Oracle  
  43  3:21  Probe  
  43  3:23  Probe  
  45  3:32  Gateway  
  45  3:36  Probe, Gateway  
  45  3:37  Probe  
  47  3:42  Pylon  
  47  3:49  Probe  
  47  3:50  Twilight Council  
  47  3:53  Probe  
  49  3:56  Resonating Glaives  
  49  3:59  Assimilator  
  49  4:01  Probe  
  50  4:03  Assimilator  
  50  4:05  Probe  
  51  4:10  Pylon  
  51  4:13  Probe  
  52  4:17  Probe  
  52  4:21  Adept  
  55  4:25  Probe  
  55  4:29  Probe, Adept  
  59  4:37  Probe  
  60  4:41  Adept  
  62  4:50  Pylon  
  62  4:55  Adept x2  
  62  4:59  Nexus  
  66  5:03  Pylon  
  66  5:04  Pylon  
  66  5:05  Probe x2  
  68  5:21  Probe x2  
  70  5:23  Robotics Facility x2  
  70  5:33  Probe x2  
  70  5:34  Sentry x3  
  78  5:37  Shield Battery  
  76  5:52  Probe x2  
  76  5:55  Forge  
  78  5:59  Gateway  
  78  6:00  Immortal  
  78  6:01  Immortal  
  78  6:02  Charge  
  80  6:11  Protoss Ground Weapons Level 1  
  80  6:12  Gateway  
  80  6:14  Gateway  
  78  6:18  Zealot x2  
  78  6:19  Zealot  
  78  6:24  Probe  
  83  6:30  Probe x2  
  85  6:36  Probe  
  90  6:40  Immortal  
  90  6:42  Immortal  
  94  6:50  Shield Battery  
  94  6:55  Probe x3  
  94  7:00  Pylon  
  97  7:01  Pylon  
  97  7:07  Probe x2  
  99  7:13  Warp Prism  
  98  7:19  Pylon, Probe x3, Observer  
  98  7:21  Templar Archives, Assimilator  
  104  7:23  Assimilator  
  104  7:25  Pylon  
  104  7:31  Probe x3  
  107  7:39  Gateway  
  107  7:40  Gateway  
  107  7:42  Gateway  
  107  7:45  Zealot x4, Psionic Storm  
  115  8:00  Protoss Ground Weapons Level 2, Immortal  
  115  8:01  Immortal  
  123  8:08  High Templar x3  
  123  8:10  High Templar  
  131  8:29  Pylon  
  131  8:31  High Templar, Pylon  
  131  8:32  High Templar  
  131  8:33  Pylon  
  135  8:36  Pylon  
  135  8:38  Pylon  
  135  8:41  Immortal x2  
  135  8:49  Archon  
  135  8:53  Pylon  
  143  8:58  Nexus  
  143  9:01  Pylon  
  137  9:05  Zealot x6  
  139  9:16  High Templar x3  
  134  9:18  Immortal  
  134  9:21  Immortal  
  138  9:26  Zealot x2  
  138  9:30  Zealot  
  148  9:31  Zealot  
  148  9:36  Shield Battery  
  148  9:37  High Templar x2  
  154  9:44  Archon  
  154  9:49  Immortal  
  154  9:55  Immortal  
  152  10:09  Zealot x4  
  157  10:20  High Templar x2, Zealot x2  
  157  10:21  Zealot  
  159  10:27  Archon  
  143  10:30  High Templar  
  143  10:31  Zealot x3  
  151  10:40  Archon  
  151  10:41  Protoss Ground Weapons Level 3, Shield Battery  
  151  10:42  Immortal x2  
  159  10:43  Zealot x3  
  157  10:54  Probe x3  
  158  10:57  High Templar x2, Zealot x2  
  158  10:58  Zealot  
  164  11:06  Assimilator  
  164  11:08  High Templar  
  164  11:10  Assimilator  
  166  11:17  High Templar  
  168  11:19  Probe  
  153  11:29  Zealot x3  
  153  11:30  Zealot  
  142  11:35  Immortal  
  135  11:48  High Templar x2, Immortal, Nexus  
  141  11:56  Probe  
  141  11:57  Probe x2  
  144  12:04  Photon Cannon  
  144  12:05  High Templar x2  
  144  12:06  Photon Cannon  
  148  12:09  Photon Cannon  
  148  12:12  Archon  
  148  12:15  Zealot x4  
  152  12:16  Zealot  
  158  12:22  High Templar  
  158  12:23  High Templar  
  158  12:26  Archon  
  156  12:39  Immortal x2  
  152  12:45  Archon x2  
  152  12:48  Zealot x5  
  152  12:49  Zealot  
  100  13:00  High Templar  
  100  13:01  High Templar  
  100  13:07  Immortal  
  100  13:11  Immortal  
  88  13:13  Zealot x2  
  88  13:14  Zealot x2  
  88  13:17  High Templar x2  
  104  13:22  Zealot  
  108  13:36  High Templar x2  
  108  13:39  Zealot x4  
  108  13:41  Archon  
  112  13:49  Pylon, Immortal x2  
  112  13:50  High Templar x2  
  112  13:53  Zealot  
  126  14:02  Pylon  
  126  14:06  High Templar  
  126  14:08  Zealot x3  
  133  14:15  Probe x2  
  125  14:22  High Templar x2, Zealot  
  131  14:25  Immortal  
  131  14:29  Zealot x4  
  131  14:30  Zealot  
  137  14:36  Archon  
  141  14:40  High Templar  
  129  14:53  High Templar x2  
  129  14:54  Zealot x2  
  129  14:55  Zealot  
  129  14:58  Archon  
  139  15:00  Zealot x3  
  145  15:08  Photon Cannon  
  145  15:11  Immortal  
  148  15:31  Zealot x5  
  148  15:32  Zealot  
  158  15:39  Zealot x2  
  134  15:54  Zealot, Archon x2  
  134  15:55  Zealot x3  
  126  16:01  Zealot x3  
  120  16:16  Pylon  
  118  16:21  High Templar x4  
  118  16:23  High Templar  
  110  16:35  High Templar x4  
  118  16:40  Archon  
  118  16:41  Archon  
  118  16:51  Immortal x2  
  120  17:04  Zealot x2  
  124  17:16  High Templar  
  124  17:17  High Templar  
  128  17:24  Zealot x3  
  134  17:47  Zealot x3  
  124  18:07  Zealot  
  96  18:28  Probe x2  
  92  18:37  Archon x3  
  74  19:08  High Templar  
  74  19:09  High Templar  
  74  19:22  High Templar x2  
  74  19:30  Zealot  
  74  19:31  Archon  
  72  19:49  Archon  
  72  19:52  Pylon  
  72  20:11  High Templar x2, Zealot  
  72  20:12  Zealot  
  80  20:15  Archon  
  79  20:24  Zealot  
Tags
 
Add a new tag
Caveats
  • Supply blocks, unpowered buildings, or Contaminate may cause inaccurate times.
  • Supply counts are checked every 10 seconds.